 Dungeon Crawl Stone Soup version 0.22-a0-117-g314b907 (webtiles) character file.

506 Faca the Skirmisher (level 7, -4/48 HPs)
             Began as a Gargoyle Fighter on Jan 29, 2018.
             Was an Initiate of Okawaru.
             Killed by divine providence
             ... invoked by an orc priest
              (13 damage)
             ... on level 4 of the Dungeon.
             The game lasted 00:07:47 (3117 turns).

Faca the Skirmisher (Gargoyle Fighter)              Turns: 3117, Time: 00:07:48

Health: -4/48      AC: 15    Str: 20    XL:     7   Next: 18%
Magic:  7/7        EV:  7    Int:  8    God:    Okawaru [......]
Gold:   155        SH:  9    Dex: 11    Spells: 6/6 levels left

rFire    . . .     SeeInvis .   a - +0 flail
rCold    . . .     Gourm    .   c - +0 shield
rNeg     + . .     Faith    .   b - +0 scale mail
rPois    ∞         Spirit   .   p - +1 helmet
rElec    +         Reflect  .   t - +1 cloak
rCorr    .         Harm     .   (no gloves)
MR       .....                  (no boots)
Stlth    ..........             (no amulet)
HPRegen  0.16/turn              (no ring)
MPRegen  0.10/turn              (no ring)

@: no status effects
A: negative energy resistance 1, electricity resistance, unbreathing,
petrification resistance, rot immunity, AC +4
a: Renounce Religion


You were on level 4 of the Dungeon.
You worshipped Okawaru.
Okawaru was noncommittal.
You were not hungry.

You visited 2 branches of the dungeon, and saw 5 of its levels.

You collected 168 gold pieces.
You spent 13 gold pieces at shops.

Inventory:

Hand Weapons
 a - a +0 flail (weapon)
Missiles
 r - a throwing net (quivered)
Armour
 b - a +0 scale mail (worn)
 c - a +0 shield (worn)
 p - a +1 helmet (worn)
 t - a +1 cloak (worn)
Jewellery
 g - an uncursed ring of ice
Wands
 l - a wand of iceblast (14)
Scrolls
 e - 2 scrolls of blinking
Potions
 d - a potion of might
 h - a potion of ambrosia {unknown}
 i - 3 potions of flight
 j - a potion of curing
 m - a potion of berserk rage {unknown}
 n - 2 potions of heal wounds
 s - a potion of resistance
Comestibles
 f - 5 rations


   Skills:
 * Level 7.4 Fighting
 + Level 4.6 Maces & Flails
 - Level 3.2 Armour
 - Level 3.2 Shields


You had 6 spell levels left.
You didn't know any spells.

Dungeon Overview and Level Annotations

Branches:
Dungeon (4/15)             Temple (1/1) D:4

Altars:
Cheibriados
Dithmenos
Elyvilon
Fedhas
Gozag
Nemelex Xobeh
Okawaru
Ru
Sif Muna
Trog
Uskayaw
Vehumet
Wu Jian
Xom
Yredelemnul
The Shining One

Shops:
D:4 !


Innate Abilities, Weirdness & Mutations

You are resistant to torment.
Your stone body is resilient. (AC +4)
You are immune to poison.
You resist negative energy. (rN+)
You are resistant to electric shocks. (rElec)
You can survive without breathing.
You are immune to petrification.
You are immune to rotting.


Message History

The orc wizard is severely wounded.
The orc wizard looks encouraged for a moment.
The ogre closely misses you.
The orc wizard gestures at you while chanting.
The puff of frost hits you!
* * * LOW HITPOINT WARNING * * *
You closely miss the orc wizard.
The orc wizard is severely wounded.
The orc wizard hits you but does no damage.
The orc priest looks satisfied for a moment.
The ogre barely misses you.
The orc wizard hits you with a dagger of venom.
* * * LOW HITPOINT WARNING * * *
You hit the orc wizard.
You kill the orc wizard!
Okawaru accepts your kill. The ogre barely misses you.
The orc priest mumbles some strange prayers to Beogh against you.
Beogh smites you!
You die...

##..#
#.#........##.#.#.#.#.#.#
#..
#.#........###.#.#.#.#.#.
#.
#.#........##.#.#.#.#.# #
#.####....)'.#.#.#)#.#
#(....#..#.#.#W#
#####...#.#.#.#
###..(.#.#.# #.)...#.#.#
#@##......# #.Oo......#
###.......#
#.......[#.....
#..o....<#.....
#....o...#.....
#..oo....# #.........
#...######


You could see an ogre and an orc priest.

Vanquished Creatures
  A phantom (D:4)
  A scorpion (D:4)
  2 orc priests (D:3)
  Crazy Yiuf (D:3)
  2 orc wizards (D:4)
  A worker ant (D:4)
  A hound skeleton (D:4)
  7 gnolls (D:3)
  4 adders
  An adder skeleton (D:4)
  3 worms
  4 leopard geckos
  3 orcs
  3 ball pythons
  7 bats
  2 giant cockroaches (D:1)
  7 goblins
  9 hobgoblins
  4 jackals (D:1)
  8 kobolds
  2 quokkas
  8 frilled lizards
  2 rats
83 creatures vanquished.

Notes
Turn   | Place    | Note
-------+----------+-------------------------------------------
     0 | D:1      | Faca the Gargoyle Fighter began the quest for the Orb.
     0 | D:1      | Reached XP level 1. HP: 14/14 MP: 1/1
   198 | D:1      | Reached XP level 2. HP: 17/20 MP: 2/2
   444 | D:1      | Reached skill level 4 in Fighting
   514 | D:1      | Reached XP level 3. HP: 22/24 MP: 3/3
   792 | D:2      | Found a bloodstained altar of Trog.
  1008 | D:2      | Reached XP level 4. HP: 30/30 MP: 4/4
  1497 | D:3      | Found a faded altar of an unknown god.
  1536 | D:3      | Reached skill level 5 in Fighting
  1542 | D:3      | Reached XP level 5. HP: 10/35 MP: 5/5
  2026 | D:3      | Found a basalt altar of Yredelemnul.
  2101 | D:3      | Found a runed door.
  2105 | D:3      | Noticed Crazy Yiuf
  2113 | D:3      | Killed Crazy Yiuf
  2113 | D:3      | Reached skill level 6 in Fighting
  2182 | D:3      | Reached XP level 6. HP: 41/41 MP: 6/6
  2700 | D:4      | Noticed a phantom
  2803 | D:4      | Killed a phantom
  2901 | D:4      | Found an ornate altar of the Wu Jian Council.
  2930 | D:4      | Found Ylieg's Distillery.
  2938 | D:4      | Reached skill level 7 in Fighting
  2938 | D:4      | Reached XP level 7. HP: 45/48 MP: 7/7
  2943 | D:4      | Bought a potion of degeneration for 13 gold pieces
  3009 | D:4      | Found a staircase to the Ecumenical Temple.
  3020 | Temple   | Entered the Ecumenical Temple
  3064 | Temple   | Became a worshipper of Warmaster Okawaru
  3117 | D:4      | Killed from afar by an orc priest

Vault maps used:
D:1:      nzn_arrival_water_spiral
D:2:      overflow_temple_1_default, first_ration
D:3:      yredelemnul_altar_generic, chequers_ecumenical_altar_lobes,
          minmay_stone_trees_medium, uniq_crazy_yiuf_cottage
D:4:      nicolae_overflow_crystal_walls, minmay_temple_entry_overgrown,
          serial_shops, nicolae_shop_stone, minivault_23
Temple:   cyrus_circular_temple

Skill      XL: |  1  2  3  4  5  6 |
---------------+-------------------+-----
Fighting       | 4 5 6 7 |  7.4
Maces & Flails | 3 4 |  4.6
Armour         | |  3.2
Shields        | |  3.2

Action                   |  1- 3 |  4- 6 |  7- 9 || total
-------------------------+-------+-------+-------++-------
Melee: Flail             |   170 |   215 |    23 ||   408
  Use: Scroll            |       |     6 |       ||     6
 Stab: Invisible         |       |     1 |       ||     1
  Eat: Chunk             |     1 |     1 |       ||     2
       Ration            |       |     2 |       ||     2
Armor: Scale mail        |   114 |   108 |    12 ||   234
Dodge: Dodged            |    65 |    65 |     8 ||   138
Block: Shield            |   116 |    97 |    11 ||   224

Table legend:
 A = Spawn XP
 B = Non-spawn XP
 C = Spawn XP percentage of total XP
 D = Spawn monster count
 E = Non-spawn monster count
 F = Spawn count percentage of total count
 G = Total turns spent on level
                    A         B        C        D         E        F      G
               +---------+---------+-------+---------+---------+-------+---------
         Total |       0 |     724 |   0.0 |       0 |      83 |   0.0 |  3117
               +---------+---------+-------+---------+---------+-------+---------
           D:1 |       0 |      43 |   0.0 |       0 |      24 |   0.0 |   654
           D:2 |       0 |      72 |   0.0 |       0 |      19 |   0.0 |   779
           D:3 |       0 |     264 |   0.0 |       0 |      29 |   0.0 |  1187
           D:4 |       0 |     345 |   0.0 |       0 |      11 |   0.0 |   441
               +---------+---------+-------+---------+---------+-------+---------
